 Dungeon Crawl Stone Soup version 0.30-a0-859-gf88a04b62d (webtiles) character file.

Game seed: 7589471421467233086

57 Esekla the Sneak (level 4, 31/31 HPs)
             Began as an Octopode Delver on Mar 6, 2023.
             Quit the game on level 5 of the Dungeon.
             The game lasted 00:02:59 (284 turns).

Esekla the Sneak (Octopode Delver)                   Turns: 284, Time: 00:02:59

Health: 31/31      AC:  1    Str: 11    XL:     4   Next: 0%
Magic:  4/4        EV: 13    Int: 14    God:
Gold:   0          SH:  0    Dex: 13    Spells: 3/3 levels left

rFire   . . .      SeeInvis .    a - +0 scimitar
rCold   . . .      Faith    .    (no shield)
rNeg    . . .      Spirit   .    (helmet restricted)
rPois   .          Reflect  .    (no amulet)
rElec   .          Rampage  .    (no ring)
rCorr   .                        (no ring)
Will    .....                    (no ring)
Stlth   +++++                    (no ring)
HPRegen 0.25/turn                (no ring)
MPRegen 0.09/turn                (no ring)
                                 (no ring)
                                 (no ring)

@: no status effects
A: almost no armour, amphibious, 8 rings, camouflage 1, gelatinous body 1,
(nimble swimmer 1), tentacles
a: no special abilities


You were on level 5 of the Dungeon.
You visited 2 branches of the dungeon, and saw 2 of its levels.

Inventory:

Hand Weapons
 a - a +0 scimitar (weapon)
 i - a +0 dagger
Jewellery
 g - an amulet of magic regeneration
 h - a ring of see invisible
Wands
 d - a wand of flame (19)
 f - a wand of digging (3)
Scrolls
 b - a scroll of fog
 c - 3 scrolls of identify {unknown}
Potions
 e - a potion of haste
 j - 2 potions of degeneration {unknown}


   Skills:
 * Level 3.3 Fighting
 * Level 2.2 Long Blades
 * Level 2.1 Dodging
 + Level 7.8 Stealth
 * Level 0.2 Spellcasting


You had 3 spell levels left.
You didn't know any spells.
Your spell library contained the following spells:

 Spells                   Type           Power      Damage    Failure   Level
 Sandblast                Erth           0%         2d4       28%         1
 Sting                    Tmut/Pois      0%         1d3       28%         1


Dungeon Overview and Level Annotations

Branches:
Dungeon (5/15)             Temple (1/1) D:5

Altars:
Dithmenos
Fedhas
Okawaru
Qazlal
Sif Muna
Trog
Xom
Yredelemnul


Innate Abilities, Weirdness & Mutations

You cannot wear most types of armour.
You are amphibious.
You can wear up to eight rings at the same time.
Your skin changes colour to match your surroundings (Stealth+).
Your rubbery body absorbs attacks. (AC +1, EV +1)
((You are camouflaged when in or above water. (Stealth+)))
You have tentacles for arms and can constrict up to eight enemies at once.


Message History

You slash the dart slug!
You kill the dart slug!
c - 3 scrolls labelled SYEXYN CEPT
d - a wand of flame (19) Unknown command.
The orc wizard shouts!
You hit the orc wizard. Your grab misses the orc wizard.
The orc wizard is lightly wounded.
An orc warrior comes into view. It is wielding a +0 antimagic war axe.
The orc wizard hits you with a +0 dagger.
The orc wizard points at you and mumbles some strange words.
You resist with significant effort.
You miss the orc wizard. You grab the orc wizard.
The orc wizard is lightly wounded.
You constrict the orc wizard, but do no damage.
The orc wizard hits you with a +0 dagger.
The orc wizard points at you and mumbles some strange words.
You resist with significant effort.
You slash the orc wizard!
The orc wizard is severely wounded.
You constrict the orc wizard. The orc wizard misses you.
You hit the orc wizard.
The orc wizard is almost dead.
You constrict the orc wizard.
You kill the orc wizard!
You have reached level 4!
Things that are here:
a +0 dagger; a +0 robe; an orc corpse
i - a +0 dagger You pick up Sif Muna's Vademecum on Chthonic Venin and begin reading...
You add the spells Sandblast and Sting to your library.
There is an empty arch of ancient stone here.
Found a trident.
Found a bloodstained altar of Trog.
Found a stone staircase leading down.
There is an empty arch of ancient stone here.
You see here 2 red potions.
j - 2 red potions
There is a stone staircase leading down here.
Okay, then.
Are you sure you want to abandon this character and quit the game? (Confirm with "yes".)

#.##.......<.....###
#..........#.#...##
####.#J#..........#
#.#.#..........#
#.#............#
#.#*#..####...#######*
#.# #................,
#.# #..^###...#######*
#.# #@...##...#,,,,,,,
#.# #...##...##*,*****
#.# #..##...#####,,<,,
#.###.##...##._.#*****
#....##.[.###.).# **
######...#∩#...#** *,
#...###...#*,****,
#._.##...##*,,,,,,
#####.o.## *,,***,


There were no monsters in sight!

Vanquished Creatures
  A hound (D:5)
  An orc wizard (D:5)
  A dart slug (D:5)
3 creatures vanquished.

Notes
Turn   | Place    | Note
-------+----------+-------------------------------------------
     0 | D:5      | Esekla the Octopode Delver began the quest for the Orb.
     0 | D:5      | Reached XP level 1. HP: 16/16 MP: 1/1
     7 | D:5      | Found a staircase to the Ecumenical Temple.
    17 | D:5      | Noticed an ogre
    24 | Temple   | Entered the Ecumenical Temple
   146 | D:5      | Noticed a hound
   157 | D:5      | Killed a hound
   158 | D:5      | Reached skill level 7 in Stealth
   158 | D:5      | Reached XP level 2. HP: 16/21 MP: 2/2
   158 | D:5      | Reached XP level 3. HP: 20/26 MP: 3/3
   213 | D:5      | Found a shimmering blue altar of Sif Muna.
   254 | D:5      | Noticed an orc warrior
   259 | D:5      | Reached XP level 4. HP: 26/31 MP: 4/4
   263 | D:5      | Got Sif Muna's Vademecum on Chthonic Venin
   268 | D:5      | Found a bloodstained altar of Trog.
   284 | D:5      | Quit the game

Illustrated notes

Levels and vault maps discovered:
D:5:      layout_loops_ring, nzn_overflow_gifts_of_might_and_magic,
          nemelex_spade_bored_becter, minmay_temple_entry_steel_oval
Temple:   hellmonk_temple_beads

Skill      XL: |  1 |
---------------+----+-----
Stealth        | 7 |  7.8
Fighting       | |  3.3
Long Blades    | |  2.2
Dodging        | |  2.1
Spellcasting   | |  0.2

Action                     |  1- 3 |  4- 6 || total
---------------------------+-------+-------++-------
  Melee: Scimitar          |     9 |       ||     9
         Constrict         |     3 |       ||     3
         Tentacles         |     1 |       ||     1
    Use: Scroll            |     2 |       ||     2
 Armour: Skin              |     1 |       ||     1
  Dodge: Dodged            |     5 |       ||     5

Table legend: (Time is in decaauts)
 A = Elapsed time spent in this place.
 B = Non-inter-level travel time spent in this place.
 C = Inter-level travel time spent in this place.
 D = Time resting spent in this place.
 E = Time spent auto-exploring this place.
 F = Levels seen in this place.
 G = Mean time per level.
                   A        B        C        D        E       F      G
               +--------+--------+--------+--------+--------+-----+--------+
         Total |    286 |    274 |     12 |      0 |     87 |   2 |  143.0 |
       Dungeon |    181 |    180 |      1 |      0 |      0 |   1 |  181.0 |
        Temple |    104 |     93 |     11 |      0 |     87 |   1 |  104.0 |
               +--------+--------+--------+--------+--------+-----+--------+

Top non-repeatable levels by time:
     D:5: 181 daAuts
  Temple: 104 daAuts
